Workbook
Name hide_rows: Data_Collection_Tool!$A$5:$A$1602
Name rows_hide: Data_Collection_Tool!$A$5:$A$1355
Name rows_hide: Introduction!$A$12:$A$625

Sheet Introduction
C3: Journal: | D3: Orphanet Journal of Rare Diseases
C4: Title: | D4: Economic and diagnostic impact of adopting WES and WGS as first-tier tests in the paediatric rare disease diagnosis: evidence from Italy and Spain
C5: Authors: | D5: María Palomares-Bralo1,2*, Antonio Novelli3*, Dario Cocciadiferro3, Lorena Travaglini3, Fe Amalia García-Santiago1,2, Fernando Santos-Simarro1,4#, Marta Pacio-Míguez1,5#, Carmen Rodríguez-Jiménez1, María Ángeles Gómez-Cano1, Karen E. Heath1,2, Anna Baggi6, Valeria Scagliotti6§, Martina Tedesco6, Victoria Lucia Rabsiun Aramburu6, Maria Antonietta Magno6, Giuseppe Inebria6, Lidia Pezzani7, Erica Rosina7, Laura Pezzoli7, Jean Marie Franzini6 and Maria Iascone1.
C6: Affiliations: | D6: 1. Institute of Medical & Molecular Genetics (INGEMM) Hospital Universitario La Paz, IdiPAZ, Madrid, Spain. 2. CIBER for Rare Diseases (CIBERER), Institute of Health Carlos III (ISCIII), Madrid, Spain. 3. Translational Cytogenomics Research Unit, Bambino Gesù Children's Hospital, IRCCS, Rome, Italy. 4. Unit of Molecular Diagnostics and Clinical Genetics (UDMGC), Hospital Universitari Son Espases, Palma, Spain. 5. Service of Genetics, Hospital Universitario Ramón y Cajal, Madrid, Spain. 6. Life Sciences Division, Business Integration Partners S.p.A, Milan, Italy. 7. ASST Papa Giovanni XXIII, Bergamo, Italy.
D7: * These authors contributed equally to this work and share first authorship § Corresponding author. Email: valeria.scagliotti@bip-group.com # Current affiliation
C8: WORD | Data collection tool
C11: Introduction
C13: The WORD project is a multi-centre project analyzing the diagnostic pathway of pediatric genetic rare diseases patients, evaluating the economic and organizational impact of adopting a WES/WGS-driven diagnostic pathway vs the standard one. To do so, we will consider two extreme types of patients in terms of features and diagnostic pathways:
C14: Click below on Inpatient or Outpatient to see patient features
E17: Urgent hypotonic patient in ICU
E42: Patient with neurodevelopmental disorder
C75: The diagnostic pathways for each type of patient will be outlined based on the following 6 scenarios:

Sheet Data_Collection_Tool
C3: WORD | Data collection tool
A5: home
A6: home
A7: home
A8: home | C8: The data collection tool consists of 6 sections which are divided in first and second priority. Sections marked with the first priority symbol contain crucial data for the analysis, and your input in filling them out is essential.
A9: home | C9: To navigate across the Data Collection Tool, please click on the "Go to section" button on the left of each section description or on the relevant button at the top of this file. You can return to this area by clicking on the “Home" button on top.
A10: home
A11: home | C11: 1. Volumes
A12: home
A13: home
A14: home
A15: home
A16: home | C16: 2. Genetic Testing Techniques
A17: home
A18: home
A19: home
A20: home
A21: home | C21: 3. Equipment
A22: home
A23: home
A24: home
A25: home | C25: 4. Consumables
A26: home
A27: home
A28: home
A29: home | C29: 5. Personnel
A30: home
A31: home
A32: home
A33: home | C33: 6. Software & Storage
A34: home
A35: home
A36: home
A37: home
A38: volumes
A39: volumes
A40: volumes | C40: PATIENT VOLUMES
A41: volumes
A42: volumes | C42: Please enter in the fields below the number of patients followed in 2019? for both type of patients
A43: volumes
A44: volumes
A45: volumes | E45: Volume [pts]
A46: volumes | D46: Inpatient | F46: database interno
A47: volumes | D47: Outpatient | F47: database interno
A48: volumes
A49: volumes
A50: volumes | C50: Please enter in the fields below the % that each type of patient represents with respect of the total volume of rare disease paediatric patients
A51: volumes
A52: volumes | E52: % of genetic rare diseases patients
A53: volumes | D53: Inpatient
A54: volumes | D54: Outpatient
A55: volumes
A56: volumes
A57: volumes
A58: volumes
A59: techniques
A60: techniques
A61: techniques
A62: techniques | C62: Genetic Testing Techniques
A63: techniques
A64: techniques | C64: TESTING TECHNIQUES ACROSS SCENARIOS
A65: techniques | C65: Please indicate with an X in the table below the techniques that could be used for testing both urgent hypotonic patients in ICU (Inpatient) and patients with neurodevelopmental disorder (Outpatient) in all scenarios.
A66: techniques | C66: If a technique that was/is/will be employed by your laboratory is not included in the list, please add it to the end of the list where Other is stated.
A67: techniques | C67: IMPORTANT! If a scenario does not apply to your center, please avoid filling out that particular section. Scenarios deemed inapplicable to your center for the patient types discussed, based on prior interviews, have been marked in gray. We kindly ask you to confirm this information.
A68: techniques | F68: Scenario 1 (NO CES/WES/WGS) | H68: Scenario 2 (CES/WES as last tier) | J68: Scenario 3 (CES) | L68: Scenario 4 (WES) | N68: Scenario 5 (WES + CMA) | P68: Scenario 6 (WGS)
A69: techniques | E69: Technique | F69: Inpatient | G69: Outpatient | H69: Inpatient | I69: Outpatient | J69: Inpatient | K69: Outpatient | L69: Inpatient | M69: Outpatient | N69: Inpatient | O69: Outpatient | P69: Inpatient | Q69: Outpatient
A70: techniques | E70: WGS
A71: techniques | E71: WES
A72: techniques | E72: CES
A73: techniques | E73: NGS panels
A74: techniques | E74: Karyotype
A75: techniques | E75: CMA - SNP Array
A76: techniques | E76: X-fragile
A77: techniques | E77: MLPA
A78: techniques | E78: IHC
A79: techniques | E79: ISH
A80: techniques | E80: FISH
A81: techniques | E81: Reverse Transcription PCR
... A91: techniques | E91: Other
A92: techniques
A93: techniques
A94: techniques
A95: techniques
A96: techniques
A97: techniques | C97: TESTING PANELS
A98: techniques
A99: techniques | C99: This section seeks to collect data regarding the eventual use of testing panels. Please specify the panels that you employ, used to employ, or will employ for both urgent hypotonic patients in ICU (Inpatient) and patients with neurodevelopmental disorder (Outpatient).
A100: techniques | C100: Please, fill out only the colored cells.
A101: techniques | C101: IMPORTANT! For WGS, WES, and CES, in case more than one panel is used, please add the panel details in an additional column.
A102: techniques
A103: techniques
A104: techniques | E104: Technique | F104: WGS PANEL | G104: WES PANEL | H104: CES PANEL | I104: NGS PANEL 1 | J104: NGS PANEL 2 | K104: NGS PANEL 3 | L104: NGS PANEL 4 | M104: NGS PANEL 5 | N104: NGS PANEL 6
A105: techniques
A106: techniques | C106: INPATIENT | E106: Genetic Material Tested
A107: techniques | E107: Vendor's name
A108: techniques | E108: Panel/Library Prep Model
A109: techniques | E109: Total Nr. Of genes in the panel
A110: techniques
A111: techniques | E111: IVDR/IVD or non IVDR/IVD panel
A112: techniques | C112: OUTPATIENT | E112: Genetic Material Tested
...

Sheet Support
B2: Technique by Scenario | D2: Testing Strategy | F2: Genetic material | H2: Purchase or leasing | J2: VAT inclusion | L2: Software Inclusion
B3: X | D3: Yes | F3: DNA | H3: Purchase | J3: Yes | L3: Yes
D4: No | F4: RNA | H4: Leasing | J4: No | L4: No
F5: DNA/RNA | L5: Not Applicable
B8: Reanalysis Software | D8: Storage | F8: Type of stored data | H8: Type of storage | J8: Equipment exclusivity
B9: Yes, same SW as primary test | D9: Yes | F9: Raw Data | H9: Local | J9: Yes
B10: Yes, another SW compared to primary test | D10: No | F10: Elaborated Data | H10: Cloud | J10: No
B11: No | F11: Both | H11: Both
C14: Technique | D14: Used? | F14: Full Technique List | G14: Used? | H14: Reanalysis?
C15: =Data_Collection_Tool!E70 -> WGS | D15: =IF(COUNTIF(Data_Collection_Tool!F70:Q70,"x")>0,1,0) -> 0 | F15: =Support!C15 -> WGS | G15: =D15 -> 0 | H15: =IF(Data_Collection_Tool!L132="yes",1,0) -> 0
C16: =Data_Collection_Tool!E71 -> WES | D16: =IF(COUNTIF(Data_Collection_Tool!F71:Q71,"x")>0,1,0) -> 0 | F16: =Support!C16 -> WES | G16: =D16 -> 0 | H16: =IF(Data_Collection_Tool!L133="yes",1,0) -> 0
C17: =Data_Collection_Tool!E72 -> CES | D17: =IF(COUNTIF(Data_Collection_Tool!F72:Q72,"x")>0,1,0) -> 0 | F17: =Support!C17 -> CES | G17: =D17 -> 0 | H17: =IF(Data_Collection_Tool!L134="yes",1,0) -> 0
C18: =Data_Collection_Tool!E73 -> NGS panels | D18: =IF(COUNTIF(Data_Collection_Tool!F73:Q73,"x")>0,1,0) -> 0 | E18: Urgent NGS panel 1 | F18: =Support!D43 -> 0 | G18: =IF(D43=0,0,1) -> 0 | H18: =IF(Data_Collection_Tool!L135="yes",1,0) -> 0
C19: =Data_Collection_Tool!E74 -> Karyotype | D19: =IF(COUNTIF(Data_Collection_Tool!F74:Q74,"x")>0,1,0) -> 0 | E19: Urgent NGS panel 2 | F19: =Support!D44 -> 0 | G19: =IF(D44=0,0,1) -> 0 | H19: =IF(Data_Collection_Tool!L136="yes",1,0) -> 0
C20: =Data_Collection_Tool!E75 -> CMA - SNP Array | D20: =IF(COUNTIF(Data_Collection_Tool!F75:Q75,"x")>0,1,0) -> 0 | E20: Urgent NGS panel 3 | F20: =Support!D45 -> 0 | G20: =IF(D45=0,0,1) -> 0 | H20: =IF(Data_Collection_Tool!L137="yes",1,0) -> 0
C21: =Data_Collection_Tool!E76 -> X-fragile | D21: =IF(COUNTIF(Data_Collection_Tool!F76:Q76,"x")>0,1,0) -> 0 | E21: Urgent NGS panel 4 | F21: =Support!D46 -> 0 | G21: =IF(D46=0,0,1) -> 0 | H21: =IF(Data_Collection_Tool!L138="yes",1,0) -> 0
C22: =Data_Collection_Tool!E77 -> MLPA | D22: =IF(COUNTIF(Data_Collection_Tool!F77:Q77,"x")>0,1,0) -> 0 | E22: Urgent NGS panel 5 | F22: =Support!D47 -> 0 | G22: =IF(D47=0,0,1) -> 0 | H22: =IF(Data_Collection_Tool!L139="yes",1,0) -> 0
C23: =Data_Collection_Tool!E78 -> IHC | D23: =IF(COUNTIF(Data_Collection_Tool!F78:Q78,"x")>0,1,0) -> 0 | E23: Urgent NGS panel 6 | F23: =Support!D48 -> 0 | G23: =IF(D48=0,0,1) -> 0 | H23: =IF(Data_Collection_Tool!L140="yes",1,0) -> 0
C24: =Data_Collection_Tool!E79 -> ISH | D24: =IF(COUNTIF(Data_Collection_Tool!F79:Q79,"x")>0,1,0) -> 0 | E24: Outpatient NGS panel 1 | F24: =Support!D49 -> 0 | G24: =IF(D49=0,0,1) -> 0 | H24: =IF(Data_Collection_Tool!L141="yes",1,0) -> 0
C25: =Data_Collection_Tool!E80 -> FISH | D25: =IF(COUNTIF(Data_Collection_Tool!F80:Q80,"x")>0,1,0) -> 0 | E25: Outpatient NGS panel 2 | F25: =Support!D50 -> 0 | G25: =IF(D50=0,0,1) -> 0 | H25: =IF(Data_Collection_Tool!L142="yes",1,0) -> 0
C26: =Data_Collection_Tool!E81 -> Reverse Transcription PCR | D26: =IF(COUNTIF(Data_Collection_Tool!F81:Q81,"x")>0,1,0) -> 0 | E26: Outpatient NGS panel 3 | F26: =Support!D51 -> 0 | G26: =IF(D51=0,0,1) -> 0 | H26: =IF(Data_Collection_Tool!L143="yes",1,0) -> 0
C27: =Data_Collection_Tool!E82 -> Droplet Digital PCR | D27: =IF(COUNTIF(Data_Collection_Tool!F82:Q82,"x")>0,1,0) -> 0 | E27: Outpatient NGS panel 4 | F27: =Support!D52 -> 0 | G27: =IF(D52=0,0,1) -> 0 | H27: =IF(Data_Collection_Tool!L144="yes",1,0) -> 0
C28: =Data_Collection_Tool!E83 -> PYROSEQUENCING (e.g. Therascreen) | D28: =IF(COUNTIF(Data_Collection_Tool!F83:Q83,"x")>0,1,0) -> 0 | E28: Outpatient NGS panel 5 | F28: =Support!D53 -> 0 | G28: =IF(D53=0,0,1) -> 0 | H28: =IF(Data_Collection_Tool!L145="yes",1,0) -> 0
C29: =Data_Collection_Tool!E84 -> Real Time PCR Other | D29: =IF(COUNTIF(Data_Collection_Tool!F84:Q84,"x")>0,1,0) -> 0 | E29: Outpatient NGS panel 6 | F29: =Support!D54 -> 0 | G29: =IF(D54=0,0,1) -> 0 | H29: =IF(Data_Collection_Tool!L146="yes",1,0) -> 0
C30: =Data_Collection_Tool!E85 -> Automated Real Time PCR (Biocartis IDYLLA, Cobas) | D30: =IF(COUNTIF(Data_Collection_Tool!F85:Q85,"x")>0,1,0) -> 0 | F30: =Data_Collection_Tool!E74 -> Karyotype | G30: =D19 -> 0
C31: =Data_Collection_Tool!E86 -> Sanger sequencing | D31: =IF(COUNTIF(Data_Collection_Tool!F86:Q86,"x")>0,1,0) -> 0 | F31: =Data_Collection_Tool!E75 -> CMA - SNP Array | G31: =D20 -> 0
C32: =Data_Collection_Tool!E87 -> Endpoint PCR, Gel electrophoresis | D32: =IF(COUNTIF(Data_Collection_Tool!F87:Q87,"x")>0,1,0) -> 0 | F32: =Data_Collection_Tool!E76 -> X-fragile | G32: =D21 -> 0
C33: =Data_Collection_Tool!E88 -> Mass Spectrometry | D33: =IF(COUNTIF(Data_Collection_Tool!F88:Q88,"x")>0,1,0) -> 0 | F33: =Data_Collection_Tool!E77 -> MLPA | G33: =D22 -> 0
C34: =Data_Collection_Tool!E89 -> CMA - Array CGH | D34: =IF(COUNTIF(Data_Collection_Tool!F89:Q89,"x")>0,1,0) -> 0 | F34: =Data_Collection_Tool!E78 -> IHC | G34: =D23 -> 0
C35: =Data_Collection_Tool!E90 -> Optical Genome Mapping | D35: =IF(COUNTIF(Data_Collection_Tool!F90:Q90,"x")>0,1,0) -> 0 | F35: =Data_Collection_Tool!E79 -> ISH | G35: =D24 -> 0
C36: =Data_Collection_Tool!E91 -> Other | D36: =IF(COUNTIF(Data_Collection_Tool!F91:Q91,"x")>0,1,0) -> 0 | F36: =Data_Collection_Tool!E80 -> FISH | G36: =D25 -> 0
C37: =Data_Collection_Tool!E92 -> 0 | D37: =IF(COUNTIF(Data_Collection_Tool!F92:Q92,"x")>0,1,0) -> 0 | F37: =Data_Collection_Tool!E81 -> Reverse Transcription PCR | G37: =D26 -> 0
C38: =Data_Collection_Tool!E93 -> 0 | D38: =IF(COUNTIF(Data_Collection_Tool!F93:Q93,"x")>0,1,0) -> 0 | F38: =Data_Collection_Tool!E82 -> Droplet Digital PCR | G38: =D27 -> 0
F39: =Data_Collection_Tool!E83 -> PYROSEQUENCING (e.g. Therascreen) | G39: =D28 -> 0
F40: =Data_Collection_Tool!E84 -> Real Time PCR Other | G40: =D29 -> 0
D41: NGS Panels | Names | F41: =Data_Collection_Tool!E85 -> Automated Real Time PCR (Biocartis IDYLLA, Cobas) | G41: =D30 -> 0
F42: =Data_Collection_Tool!E86 -> Sanger sequencing | G42: =D31 -> 0
B43: Urgent | C43: NGS Panel 1 | D43: =_xlfn.XLOOKUP($C43,Data_Collection_Tool!$I$104:$N$104,Data_Collection_Tool!$I$108:$N$108,FALSE) -> 0 | F43: =Data_Collection_Tool!E87 -> Endpoint PCR, Gel electrophoresis | G43: =D32 -> 0
C44: NGS Panel 2 | D44: =_xlfn.XLOOKUP($C44,Data_Collection_Tool!$I$104:$N$104,Data_Collection_Tool!$I$108:$N$108,FALSE) -> 0 | F44: =Data_Collection_Tool!E88 -> Mass Spectrometry | G44: =D33 -> 0
C45: NGS Panel 3 | D45: =_xlfn.XLOOKUP($C45,Data_Collection_Tool!$I$104:$N$104,Data_Collection_Tool!$I$108:$N$108,FALSE) -> 0 | F45: =Data_Collection_Tool!E89 -> CMA - Array CGH | G45: =D34 -> 0
C46: NGS Panel 4 | D46: =_xlfn.XLOOKUP($C46,Data_Collection_Tool!$I$104:$N$104,Data_Collection_Tool!$I$108:$N$108,FALSE) -> 0 | F46: =Data_Collection_Tool!E90 -> Optical Genome Mapping | G46: =D35 -> 0
C47: NGS Panel 5 | D47: =_xlfn.XLOOKUP($C47,Data_Collection_Tool!$I$104:$N$104,Data_Collection_Tool!$I$108:$N$108,FALSE) -> 0 | F47: =Data_Collection_Tool!E91 -> Other | G47: =D36 -> 0
C48: NGS Panel 6 | D48: =_xlfn.XLOOKUP($C48,Data_Collection_Tool!$I$104:$N$104,Data_Collection_Tool!$I$108:$N$108,FALSE) -> 0 | F48: =Data_Collection_Tool!E92 -> 0 | G48: =D37 -> 0
B49: Outpatient | C49: NGS Panel 1 | D49: =_xlfn.XLOOKUP($C49,Data_Collection_Tool!$I$104:$N$104,Data_Collection_Tool!$I$114:$N$114,FALSE) -> 0 | F49: =Data_Collection_Tool!E93 -> 0 | G49: =D38 -> 0
C50: NGS Panel 2 | D50: =_xlfn.XLOOKUP($C50,Data_Collection_Tool!$I$104:$N$104,Data_Collection_Tool!$I$114:$N$114,FALSE) -> 0
C51: NGS Panel 3 | D51: =_xlfn.XLOOKUP($C51,Data_Collection_Tool!$I$104:$N$104,Data_Collection_Tool!$I$114:$N$114,FALSE) -> 0
C52: NGS Panel 4 | D52: =_xlfn.XLOOKUP($C52,Data_Collection_Tool!$I$104:$N$104,Data_Collection_Tool!$I$114:$N$114,FALSE) -> 0
C53: NGS Panel 5 | D53: =_xlfn.XLOOKUP($C53,Data_Collection_Tool!$I$104:$N$104,Data_Collection_Tool!$I$114:$N$114,FALSE) -> 0
C54: NGS Panel 6 | D54: =_xlfn.XLOOKUP($C54,Data_Collection_Tool!$I$104:$N$104,Data_Collection_Tool!$I$114:$N$114,FALSE) -> 0
